 Dungeon Crawl Stone Soup version 0.30-a0-779-g7971cf19c3 (webtiles) character file.

Game seed: 13326838798995351951

789 BigDaddyOpFi the Digger (level 8, -1/50 HPs)
             Began as a Meteoran Earth Elementalist on Feb 17, 2023.
             Was an Initiate of Vehumet.
             Slain by Dowan
             ... wielding a +4 dagger of holy wrath
              (10 damage)
             ... on level 5 of the Dungeon.
             The game lasted 00:03:59 (2604 turns).

BigDaddyOpFi the Digger (MeEE)                      Turns: 2604, Time: 00:03:59

Health: -1/50      AC:  4    Str: 10    XL:     8   Next: 34%
Magic:  18/34      EV: 14    Int: 18    God:    Vehumet [......]
Gold:   148        SH:  5    Dex: 15    Spells: 13/17 levels left

rFire   . . .      SeeInvis .    o - +4 short sword (venom)
rCold   . . .      Faith    .    (no shield)
rNeg    . . .      Spirit   .    a - +1 robe
rPois   .          Reflect  +    (no helmet)
rElec   .          Harm     .    (no cloak)
rCorr   .          Rampage  .    m - +0 pair of gloves
Will    +....                    (no boots)
Stlth   +                        k - amulet of reflection
HPRegen 0.28/turn                b - ring of magical power
MPRegen 0.24/turn                s - ring of magical power

@: glowing
A: sense surroundings 1, otherworldly, glowing, explore regen
a: Renounce Religion


You were on level 5 of the Dungeon.
You worshipped Vehumet.
Vehumet was noncommittal.
You visited 2 branches of the dungeon, and saw 6 of its levels.

You collected 148 gold pieces.

Inventory:

Hand Weapons
 c - a +0 dagger
 o - a +4 short sword of venom (weapon)
Armour
 a - a +1 robe (worn)
 m - a +0 pair of gloves (worn)
Jewellery
 b - a ring of magical power (left hand)
 d - a +6 ring of strength
 k - an amulet of reflection (around neck)
 s - a ring of magical power (right hand)
Wands
 w - a wand of flame (25)
Scrolls
 e - a scroll of summoning {unknown}
 i - 2 scrolls of poison
 p - a scroll of identify
 q - a scroll of amnesia
 t - a scroll of acquirement {unknown}
 v - a scroll of teleportation {unknown}
 x - a scroll of magic mapping {unknown}
Potions
 f - 2 potions of brilliance
 g - a potion of curing
 h - a potion of haste
 j - 2 potions of might
 l - 3 potions of flight
 n - 2 potions of degeneration
 r - a potion of lignification {unknown}
 u - a potion of attraction {unknown}


   Skills:
 + Level 2.6 Fighting
 + Level 4.9 Dodging
 + Level 3.2 Stealth
 + Level 5.0 Spellcasting
 + Level 2.8 Conjurations
 - Level 3.0 Transmutations
 + Level 5.5 Earth Magic


You had 13 spell levels left.
You knew the following spells:

 Your Spells              Type           Power      Damage    Failure   Level
a - Sandblast             Erth           48%        2d12      1%          1
b - Stone Arrow           Conj/Erth      38%        3d9       7%          3

Your spell library contained the following spells:

 Spells                   Type           Power      Damage    Failure   Level
 Passwall                 Tmut/Erth      16%        N/A       3%          2
 Petrify                  Tmut/Erth      20%        N/A       22%         4


Dungeon Overview and Level Annotations

Branches:
Dungeon (5/15) Zot: 640    Temple (1/1) D:4 Zot: 537

Altars:
Cheibriados
Gozag
Kikubaaqudgha
Makhleb
Ru
Sif Muna
Trog
Vehumet
Wu Jian
Zin
The Shining One

Annotations:
D:5 Dowan


Innate Abilities, Weirdness & Mutations

You passively map a small area around you.
You are easily found by Zot.
You glow in the dark.
You regain HP and MP as you explore.


Message History

The stone arrow hits Duvessa!
Duvessa is almost dead.
Casting: Stone Arrow (dangerous; 8% risk of failure)
Confirm with . or Enter, or press ? or * to list all spells.
Aiming: Stone Arrow (dangerous; 8% risk of failure)
Press: ? - help, Shift-Dir - straight line, f/p - Duvessa
Aim: Duvessa, wielding a +0 short sword and wearing a +0 ring mail (almost dead, 77% to hit)
The stone arrow hits Duvessa!
You kill Duvessa!
Vehumet accepts your kill.
Something screams, "No!
No!
NO!"
Something hits you.
Your Spellcasting skill increases to level 5!
Casting: Stone Arrow (dangerous; 7% risk of failure)
Confirm with . or Enter, or press ? or * to list all spells.
You can't see any susceptible monsters within range! (Use Z to cast anyway.) Unknown command.
Casting: Stone Arrow (dangerous; 7% risk of failure)
Confirm with . or Enter, or press ? or * to list all spells.
You can't see any susceptible monsters within range! (Use Z to cast anyway.)
Casting: Stone Arrow (dangerous; 7% risk of failure)
Confirm with . or Enter, or press ? or * to list all spells.
Aiming: Stone Arrow (dangerous; 7% risk of failure)
Press: ? - help, Shift-Dir - straight line Something hits you!
Something hits you.
You hit something. Something hits you!
Casting: Stone Arrow (dangerous; 7% risk of failure)
Confirm with . or Enter, or press ? or * to list all spells.
You can't see any susceptible monsters within range! (Use Z to cast anyway.)
Casting: Stone Arrow (dangerous; 7% risk of failure)
Confirm with . or Enter, or press ? or * to list all spells.
Aiming: Stone Arrow (dangerous; 7% risk of failure)
Press: ? - help, Shift-Dir - straight line Something hits you.
You hear some strange, mumbled words.
A stone arrow appears from out of thin air!
The stone arrow hits you!!
* * * LOW HITPOINT WARNING * * *
You feel better. Something hits you!
You die...

* ### , , ..# * *
** * #.# * #.# #.#
#.# #)# * #@#
################{#
..............##.#
#.#.##....###.##.#
.......#..# #....#
#.#.#.##..# #.####
... #.#.#.###.#
#.# #..###.##.# *
#.# #.#.#.###.# **


There were no monsters in sight!

Vanquished Creatures
  Grinder (D:5)
  Sigmund (D:2)
  Duvessa (D:5)
  Blork the orc (D:5)
  A necrophage (D:3)
  A howler monkey (D:4)
  Jessica (D:2)
  An iguana (D:5)
  Terence (D:3)
  Natasha (D:4)
  3 adders
  A worm (D:2)
  7 endoplasms
  A giant cockroach (D:4)
  3 goblins
  4 hobgoblins
  5 jackals
  A quokka (D:1)
  5 ball pythons
  4 bats
  2 frilled lizards
  4 kobolds
  3 rats
53 creatures vanquished.

Notes
Turn   | Place    | Note
-------+----------+-------------------------------------------
     0 | D:1      | BigDaddyOpFi the Meteoran Earth Elementalist began the
                  | quest for the Orb.
     0 | D:1      | Reached XP level 1. HP: 14/14 MP: 5/5
   324 | D:1      | Reached XP level 2. HP: 20/20 MP: 4/6
   494 | D:1      | Glimpsed the power of Zot.
   543 | D:1      | Glimpsed the power of Zot.
   651 | D:2      | Noticed Sigmund
   668 | D:2      | Killed Sigmund
   669 | D:2      | Reached XP level 3. HP: 25/26 MP: 3/9
   669 | D:2      | Reached XP level 4. HP: 32/33 MP: 3/10
   669 | D:2      | Reached XP level 5. HP: 37/38 MP: 3/11
   669 | D:2      | Reached XP level 6. HP: 44/45 MP: 3/12
   832 | D:2      | Noticed Jessica
   838 | D:2      | Killed Jessica
   870 | D:2      | Learned a level 3 spell: Stone Arrow
  1107 | D:2      | Glimpsed the power of Zot.
  1157 | D:2      | Glimpsed the power of Zot.
  1463 | D:3      | Reached skill level 1 in Conjurations
  1570 | D:3      | Noticed Terence
  1575 | D:3      | Killed Terence
  1586 | D:3      | Found an opulent altar of Gozag.
  1594 | D:3      | Reached XP level 7. HP: 51/51 MP: 14/14
  1648 | D:3      | Reached skill level 1 in Fighting
  1699 | D:3      | Glimpsed the power of Zot.
  1748 | D:3      | Glimpsed the power of Zot.
  2037 | D:4      | Found a staircase to the Ecumenical Temple.
  2080 | Temple   | Entered the Ecumenical Temple
  2114 | Temple   | Became a worshipper of Vehumet
  2257 | D:4      | Noticed Natasha
  2258 | D:4      | Killed Natasha
  2259 | D:4      | Reached skill level 5 in Earth Magic
  2320 | D:4      | Found a snail-covered altar of Cheibriados.
  2346 | D:4      | Glimpsed the power of Zot.
  2396 | D:4      | Glimpsed the power of Zot.
  2436 | D:4      | Glimpsed the power of Zot.
  2446 | D:4      | Touched by the power of Zot.
  2447 | D:5      | Entered Level 5 of the Dungeon
  2447 | D:5      | Noticed Blork the orc
  2451 | D:5      | Killed Blork the orc
  2473 | D:5      | Noticed Grinder
  2480 | D:5      | Killed Grinder
  2481 | D:5      | Reached XP level 8. HP: 49/49 MP: 16/16
  2595 | D:5      | Noticed Duvessa
  2595 | D:5      | Noticed Dowan
  2600 | D:5      | Killed Duvessa
  2601 | D:5      | Reached skill level 5 in Spellcasting
  2604 | D:5      | Slain by Dowan

Illustrated notes

Levels and vault maps discovered:
D:1:      mrwooster_arrival_statue, layout_basic,
          hellmonk_ecumenical_altar_lost_god, minivault_14,
          minmay_misc_feat_ornament
D:2:      layout_loops_ring, uniq_jessica, uniq_sigmund
D:3:      layout_loops_ring, nicolae_gozag_seed_capital, chequers_mini_garden,
          hex_tiny, uniq_terence
D:4:      layout_loops_corners, mainiacjoe_overflow_catwalk, temple_pool_b,
          uniq_natasha
D:5:      layout_loops_ring, chequers_serial_rivers_room_a, uniq_duvessa,
          uniq_grinder, uniq_blork_the_orc
Temple:   nicolae_temple_superstar

Skill      XL: |  1  2  3  4  5  6  7  8 |
---------------+-------------------------+-----
Dodging        | 3 4 |  4.9
Stealth        | 2 3 |  3.2
Spellcasting   | 3 4 5 |  5.0
Transmutations | 2 3 |  3.0
Earth Magic    | 4 5 |  5.5
Conjurations   | 1 2 |  2.8
Fighting       | 2 |  2.6

Action                     |  1- 3 |  4- 6 |  7- 9 || total
---------------------------+-------+-------+-------++-------
  Melee: Dagger            |    20 |       |       ||    20
         Short sword       |       |     4 |     1 ||     5
   Cast: Sandblast         |    19 |    24 |    30 ||    73
         Stone Arrow       |       |     3 |    13 ||    16
    Use: Potion            |     5 |       |     1 ||     6
         Scroll            |       |       |     9 ||     9
 Armour: Robe              |    11 |     3 |       ||    14
  Dodge: Dodged            |    29 |     5 |     1 ||    35
  Block: Other             |       |     2 |       ||     2

Table legend: (Time is in decaauts)
 A = Elapsed time spent in this place.
 B = Non-inter-level travel time spent in this place.
 C = Inter-level travel time spent in this place.
 D = Time resting spent in this place.
 E = Time spent auto-exploring this place.
 F = Levels seen in this place.
 G = Mean time per level.
                   A        B        C        D        E       F      G
               +--------+--------+--------+--------+--------+-----+--------+
         Total |   2621 |   2506 |    115 |      0 |   2022 |   6 |  436.8 |
       Dungeon |   2558 |   2471 |     87 |      0 |   2022 |   5 |  511.6 |
        Temple |     62 |     34 |     28 |      0 |      0 |   1 |   62.0 |
               +--------+--------+--------+--------+--------+-----+--------+

Top non-repeatable levels by time:
     D:2: 622 daAuts
     D:4: 610 daAuts
     D:3: 600 daAuts
     D:1: 566 daAuts
     D:5: 158 daAuts
  Temple: 62 daAuts
